 Dungeon Crawl Stone Soup version 0.25.0-15-gac7dcb8919 (webtiles) character file.

Game seed: 407132990886390074

567 protoss039 the Magician (level 7, -5/54 HPs)
             Began as a Deep Elf Earth Elementalist on June 29, 2020.
             Slain by Pikel
             ... wielding a +1 whip of freezing
              (8 damage)
             ... on level 3 of the Dungeon.
             The game lasted 00:17:23 (6403 turns).

protoss039 the Magician (DEEE)                      Turns: 6403, Time: 00:17:23

Health: -5/54      AC:  3    Str:  5    XL:     7   Next: 11%
Magic:  20/20      EV: 13    Int: 22    God:
Gold:   210        SH:  0    Dex: 15    Spells: 15/21 levels left

rFire    . . .     SeeInvis .   k - +3 hand axe (elec)
rCold    . . .     Gourm    .   (no shield)
rNeg     . . .     Faith    .   c - +0 robe
rPois    .         Spirit   .   (no helmet)
rElec    .         Reflect  .   (no cloak)
rCorr    .         Harm     .   p - +0 pair of gloves
MR       .....                  (no boots)
Stlth    ..........             (no amulet)
HPRegen  0.18/turn              (no ring)
MPRegen  0.17/turn              (no ring)

@: berserking, very quick
A: no striking features
a: no special abilities


You were on level 3 of the Dungeon.
You were hungry.

You visited 1 branch of the dungeon, and saw 5 of its levels.

You collected 210 gold pieces.

Inventory:

Hand Weapons
 k - a +3 hand axe of electrocution (weapon)
 l - a +1 dagger of speed
Missiles
 g - 55 stones (quivered)
Armour
 c - a +0 robe (worn)
 p - a +0 pair of gloves (worn)
Wands
 q - a wand of polymorph (8)
 x - a wand of iceblast (8)
Scrolls
 b - 3 scrolls of enchant armour
 i - 2 scrolls of identify
 j - 4 scrolls of amnesia
 t - 2 scrolls of enchant weapon {unknown}
 v - a scroll of immolation {unknown}
 y - a scroll of magic mapping {unknown}
Potions
 a - a potion of lignification {unknown}
 e - 3 potions of curing {unknown}
 f - a potion of ambrosia {unknown}
 h - a potion of cancellation {unknown}
 m - a potion of degeneration {unknown}
 n - a potion of flight {unknown}
 o - a potion of experience {unknown}
 r - 2 potions of stabbing {unknown}
 s - a potion of might {unknown}
 u - 3 potions of heal wounds {unknown}
 w - a potion of berserk rage
 A - a potion of haste {unknown}
Comestibles
 d - 10 rations


   Skills:
 + Level 0.2 Axes
 - Level 2.4 Dodging
 - Level 2.4 Stealth
 * Level 7.5 Spellcasting
 + Level 1.1 Transmutations
 * Level 6.8 Earth Magic


You had 15 spell levels left.
You knew the following spells:

 Your Spells              Type           Power        Failure   Level  Hunger
a - Sandblast             Erth           #####.       1%          1    None
b - Passwall              Tmut/Erth      ####....     2%          2    None
c - Stone Arrow           Conj/Erth      ###...       6%          3    None

Your spell library contained the following spells:

 Spells                   Type           Power        Failure   Level  Hunger
 Magic Dart               Conj           #...         8%          1    None
 Searing Ray              Conj           #.....       12%         2    None
 Lee's Rapid Deconstruct  Erth           #####.....   13%         5    #####..
 Petrify                  Tmut/Erth      ####....     16%         4    ###....
 Dazzling Flash           Conj/Hex       #.....       24%         3    None
 Fulminant Prism          Conj/Hex       #.........   61%         4    ###....
 Iskenderun's Mystic Bla  Conj/Tloc      #.......     61%         4    ###....


Dungeon Overview and Level Annotations

Branches:
Dungeon (5/15)
 Temple: D:4-7

Altars:
Dithmenos
Makhleb
Nemelex Xobeh
Qazlal
Trog

Annotations:
D:3 Pikel


Message History

* * * LOW HITPOINT WARNING * * *
There is a stone staircase leading up here.
Pikel shouts!
Pikel hits you with a +1 whip of freezing.
* * * LOW HITPOINT WARNING * * *
Pikel freezes you.
* * * LOW HITPOINT WARNING * * *
Unknown command.
Pikel says, "You'll feel the lick of my whip!"
You are feeling hungry.
Pikel hits you with a +1 whip of freezing.
* * * LOW HITPOINT WARNING * * *
Pikel freezes you.
* * * LOW HITPOINT WARNING * * *
A red film seems to cover your vision as you go berserk!
You feel yourself moving faster!
You feel mighty! Pikel barely misses you.
You closely miss Pikel.
Pikel is severely wounded.
Pikel hits you with a +1 whip of freezing!
You die...

#.###.##.#........#.# #.####
#.....##.#......#...# #.....
#.....##.#........### ######
###....###.##...##..####### #
#.........................# #
#.........########..#####.# #
#.........# #..# #.# #
####....##########..# #.# #
#..<........K@...# ##.#######
#...############.####.........
##.## #...)...######. #.#
#.#####.######.
#.#############.# #........
#............<..############.
###############..gg...######.
#####.g........ #.#.######.


You could see Pikel.

Vanquished Creatures
  2 slaves (D:4)
  An ogre (D:4)
  A crimson imp (D:5)
  2 bullfrog zombies (D:5)
  A centaur skeleton (D:5)
  An orc priest (D:3)
  A hound (D:5)
  An iguana (D:5)
  A worker ant (D:2)
  7 gnolls
  6 adders
  An ooze (D:1)
  2 worms (D:3)
  2 dart slugs
  3 leopard geckos
  16 orcs
  5 bats
  5 giant cockroaches
  10 goblins
  8 hobgoblins
  8 jackals (D:1)
  5 ball pythons
  2 frilled lizards (D:1)
  11 kobolds
  7 rats
109 creatures vanquished.

Vanquished Creatures (others)
  A wizard (D:5)
1 creature vanquished.

Grand Total: 110 creatures vanquished

Notes
Turn   | Place    | Note
-------+----------+-------------------------------------------
     0 | D:1      | protoss039 the Deep Elf Earth Elementalist began the quest
                  | for the Orb.
     0 | D:1      | Reached XP level 1. HP: 10/10 MP: 6/6
   202 | D:1      | Reached XP level 2. HP: 13/15 MP: 6/8
   698 | D:1      | Reached XP level 3. HP: 19/19 MP: 7/10
  1109 | D:2      | Reached skill level 4 in Spellcasting
  1407 | D:2      | Reached XP level 4. HP: 24/24 MP: 5/12
  1718 | D:2      | Noticed an air elemental
  1719 | D:2      | Found a stormy altar of Qazlal.
  1720 | D:2      | Noticed a water elemental
  1720 | D:2      | Noticed an earth elemental
  1720 | D:2      | Noticed a fire elemental
  2145 | D:3      | Learned a level 2 spell: Passwall
  2149 | D:3      | Learned a level 3 spell: Stone Arrow
  2192 | D:3      | Reached skill level 5 in Spellcasting
  2301 | D:3      | Found a shadowy altar of Dithmenos.
  2324 | D:3      | Reached skill level 5 in Earth Magic
  2842 | D:3      | Reached XP level 5. HP: 12/28 MP: 0/14
  3099 | D:3      | Found a burning altar of Makhleb.
  3593 | D:3      | Reached skill level 6 in Spellcasting
  3974 | D:4      | Noticed an ogre
  3980 | D:4      | Killed an ogre
  3980 | D:4      | Reached XP level 6. HP: 32/32 MP: 0/17
  4272 | D:4      | You fall into a shaft and drop 1 floor!
  4272 | D:5      | Entered Level 5 of the Dungeon
  4439 | D:5      | Found a sparkling altar of Nemelex Xobeh.
  4455 | D:5      | Reached skill level 7 in Spellcasting
  4950 | D:5      | Found a bloodstained altar of Trog.
  4953 | D:5      | Noticed a wizard
  4958 | D:5      | Killed a wizard
  5183 | D:4      | Reached XP level 7. HP: 36/36 MP: 16/19
  6179 | D:4      | Noticed Pikel
  6403 | D:3      | Slain by Pikel

Illustrated notes

Levels and vault maps discovered:
D:1:      matt_arrival_spirals, layout_loops_ring
D:2:      layout_rooms, nicolae_qazlal_style_of_elements, first_ration,
          minmay_split_cup_large
D:3:      layout_loops_ring, lemuel_doored_altar,
          nicolae_dithmenos_through_a_glass_darkly, kennysheep_generic_room_5
D:4:      corexii_shantytown, layout_loops_ring, serial_park_tiny_1,
          kennysheep_boxes, uniq_pikel
D:5:      layout_loops_ring, basic_altar, kennysheep_nondescript, trog_wizard

Skill      XL: |  1  2  3  4  5  6 |
---------------+-------------------+-----
Earth Magic    | 4 5 6 |  6.8
Spellcasting   | 4 5 6 7 |  7.5
Axes           | |  0.2
Dodging        | |  2.4
Stealth        | |  2.4
Transmutations | |  1.1

Action                   |  1- 3 |  4- 6 |  7- 9 || total
-------------------------+-------+-------+-------++-------
Melee: Unarmed           |     2 |       |       ||     2
       Dagger            |     8 |    37 |       ||    45
       Hand axe          |       |    11 |     1 ||    12
 Cast: Sandblast         |    44 |    32 |    10 ||    86
       Stone Arrow       |       |    46 |    34 ||    80
  Use: Scroll            |       |     9 |       ||     9
       Potion            |       |       |     1 ||     1
  Eat: Chunk             |     1 |    11 |     2 ||    14
       Ration            |       |     1 |       ||     1
Armor: Robe              |     6 |     9 |     2 ||    17
Dodge: Dodged            |    26 |    44 |    15 ||    85
